 Dungeon Crawl Stone Soup version 0.23.2 (webtiles) character file.

Game seed: 6014446118959688493

35 Fang the Skirmisher (level 3, -6/24 HPs)
             Began as a Gargoyle Berserker on Apr 2, 2019.
             Was a Believer of Trog.
             Mangled by a worm (10 damage)
             ... on level 2 of the Dungeon.
             The game lasted 00:00:53 (1017 turns).

Fang the Skirmisher (Gargoyle Berserker)            Turns: 1017, Time: 00:00:54

Health: -6/24      AC:  5    Str: 21    XL:     3   Next: 35%
Magic:  3/3        EV: 12    Int:  7    God:    Trog [**....]
Gold:   134        SH:  0    Dex:  9    Spells: 2/2 levels left

rFire    + . .     SeeInvis .   a - +0 hand axe
rCold    + . .     Gourm    .   (no shield)
rNeg     + . .     Faith    .   b - +0 animal skin
rPois    ∞         Spirit   .   (no helmet)
rElec    +         Reflect  .   d - scarf {rC+ rF+}
rCorr    .         Harm     .   (no gloves)
MR       .....                  (no boots)
Stlth    +.........             j - amulet of rage
HPRegen  0.08/turn              (no ring)
MPRegen  0.08/turn              (no ring)

@: no status effects
A: negative energy resistance 1, electricity resistance, unbreathing,
petrification resistance, rot immunity, AC +3
a: Berserk, Trog's Hand, Renounce Religion, Evoke Berserk Rage


You were on level 2 of the Dungeon.
You worshipped Trog.
Trog was pleased with you.
You were not hungry.

You visited 1 branch of the dungeon, and saw 2 of its levels.

You collected 134 gold pieces.

Inventory:

Hand Weapons
 a - a +0 hand axe (weapon)
Armour
 b - a +0 animal skin (worn)
 d - a scarf of resistance (worn)
Jewellery
 j - an amulet of rage (around neck)
Wands
 m - a wand of paralysis (8)
Scrolls
 g - 3 scrolls of identify {unknown}
 h - 2 scrolls of remove curse {unknown}
 n - a scroll of fog {unknown}
Potions
 e - 2 potions of heal wounds {unknown}
 f - a potion of curing {unknown}
 i - 4 potions of lignification {unknown}
 k - a potion of degeneration {unknown}
 o - a potion of brilliance {unknown}
Comestibles
 c - 4 rations
 l - 4 chunks of flesh


   Skills:
 + Level 3.7 Fighting
 + Level 3.0 Axes
 + Level 2.7 Armour
 + Level 2.0 Dodging


You had 2 spell levels left.
You didn't know any spells.
Your spell library was empty.

Dungeon Overview and Level Annotations

Branches:
Dungeon (2/15)

Altars:


Innate Abilities, Weirdness & Mutations

You are resistant to torment.
Your stone body is resilient. (AC +3)
You are immune to poison.
You resist negative energy. (rN+)
You are resistant to electric shocks. (rElec)
You can survive without breathing.
You are immune to petrification.
You are immune to rotting.


Message History

The worm is heavily wounded.
The worm bites you!
You are too injured to fight recklessly!
You are too injured to fight recklessly!
You are too injured to fight recklessly!
You are too injured to fight recklessly!
You are too injured to fight recklessly!
You are too injured to fight recklessly!
You are too injured to fight recklessly!
You are too injured to fight recklessly!
You are too injured to fight recklessly!
You are too injured to fight recklessly!
You barely miss the worm.
The worm is heavily wounded.
The worm bites you.
* * * LOW HITPOINT WARNING * * *
You barely miss the worm.
The worm is moderately wounded.
The worm bites you!
You die...

.....##...........#
####.##...........###
#.##..............
####.########..###.#
..............>###
####.............#
..÷..###########.####.#.
..##.# #.........!...
#.##.# #.####@#....##
#(##.# #w#.#.... #.##..
... . .#. ..#### .#.#.##
# ### #..<#.. # #.# ##
#.# #.#


You could see a worm.

Vanquished Creatures
  A worm (D:2)
  A dart slug (D:1)
  2 giant cockroaches
  5 hobgoblins
  2 jackals (D:1)
  2 ball pythons
  5 bats
  A frilled lizard (D:1)
  3 goblins (D:1)
  4 kobolds
  4 rats
30 creatures vanquished.

Notes
Turn   | Place    | Note
-------+----------+-------------------------------------------
     0 | D:1      | Fang the Gargoyle Berserker began the quest for the Orb.
     0 | D:1      | Reached XP level 1. HP: 14/14 MP: 1/1
    66 | D:1      | Reached XP level 2. HP: 19/19 MP: 2/2
   531 | D:2      | HP: 1/28 [worm (8)]
   533 | D:2      | Reached XP level 3. HP: 1/23 MP: 3/3
   846 | D:2      | Reached ** piety under Trog
  1017 | D:2      | Mangled by a worm

Skill      XL: |  1  2  3 |
---------------+----------+-----
Axes           | 3 |  3.0
Dodging        | 2 |  2.0
Fighting       | |  3.7
Armour         | |  2.7

Action                   || total
-------------------------++-------
Melee: Hand axe          ||    95
Invok: Berserk           ||     1
  Eat: Chunk             ||     1
Armor: Animal skin       ||    35
Dodge: Dodged            ||    62
